 Dungeon Crawl Stone Soup version 0.22-a0-367-gb72a975 (webtiles) character file.

33 dstrtnsr the Chiller (level 3, -1/42 HPs)
             Began as a Centaur Ice Elementalist on Apr 22, 2018.
             Slain by a jackal (2 damage)
             ... on level 2 of the Dungeon.
             The game lasted 00:04:06 (591 turns).

dstrtnsr the Chiller (Centaur Ice Elementalist)      Turns: 591, Time: 00:04:06

Health: -1/42      AC:  4    Str: 13 (15) XL:     3   Next: 12%
Magic:  6/6        EV:  9    Int: 13 (15) God:
Gold:   52         SH:  0    Dex:  8 (9)  Spells: 5/6 levels left

rFire    . . .     SeeInvis .   (no weapon)
rCold    . . .     Gourm    .   (no shield)
rNeg     . . .     Faith    .   a - +0 robe
rPois    .         Spirit   .   (no helmet)
rElec    .         Reflect  .   (no cloak)
rCorr    .         Harm     .   (no gloves)
MR       .....                  (no barding)
Stlth    ..........             (no amulet)
HPRegen  0.14/turn              (no ring)
MPRegen  0.10/turn              (no ring)

@: berserking, very quick
A: large, hooves 3, deformed body, speed 2, tough skin 3
a: no special abilities


You were on level 2 of the Dungeon.
You were not hungry.

You visited 1 branch of the dungeon, and saw 2 of its levels.

You collected 52 gold pieces.

Inventory:

Missiles
 f - 44 stones (quivered)
Armour
 a - a +0 robe (worn)
 g - a +0 plate armour
Scrolls
 d - a scroll of identify {unknown}
 e - a scroll of teleportation {unknown}
 k - a scroll of blinking {unknown}
Potions
 i - a potion of curing {unknown}
 j - a potion of magic {unknown}
Comestibles
 c - 3 rations {!d}


   Skills:
 + Level 1.4 Fighting
 - Level 1.3 Dodging
 - Level 1.1 Stealth
 - Level 2.0 Spellcasting
   Level 0.8 Conjurations
 + Level 3.1 Ice Magic


You had 5 spell levels left.
You knew the following spells:

 Your Spells              Type           Power        Failure   Level  Hunger
a - Freeze                Ice            #...         7%          1    ##.....


Dungeon Overview and Level Annotations

Branches:
Dungeon (2/15)

Altars:

Annotations:
D:2 Jessica, Terence


Innate Abilities, Weirdness & Mutations

You have hooves in place of feet.
Armour fits poorly on your strangely shaped body.
You cover ground very quickly.
You have extremely tough skin. (AC +3)


Message History

The gnoll barely misses you.
Casting: Freeze (safe; 7% risk of failure)
Confirm with . or Enter, or press ? or * to list all spells.
Aiming: Freeze (safe; 7% risk of failure)
Press: ? - help, Shift-Dir - straight line, f/p - gnoll
Aim: a gnoll (almost dead)
You miscast Freeze.
Nothing appears to happen.
The gnoll misses you.
There is a stone staircase leading up here.
Casting: Freeze (safe; 7% risk of failure)
Confirm with . or Enter, or press ? or * to list all spells.
Aiming: Freeze (safe; 7% risk of failure)
Press: ? - help, Shift-Dir - straight line, f/p - gnoll
Aim: a gnoll (almost dead)
You freeze the gnoll.
You kill the gnoll!
Training target 2.0 for Spellcasting reached!
Your Spellcasting skill increases to level 2!
You have reached level 3!
Your experience leads to an increase in your attributes!
Increase (S)trength, (I)ntelligence, or (D)exterity?
You feel clever.
Unknown command.
Found a leather armour.
Found 10 gold pieces.
Things that are here:
a leather armour; a glowing amethyst potion
h - a glowing amethyst potion You see here 10 gold pieces.
You now have 52 gold pieces (gained 10).
Found 11 stones.
Terence the Incautious comes into view.
He is wielding a hand axe.
Terence shouts!
A leopard gecko comes into view.
Your magical contamination has completely faded away.
The leopard gecko moves out of view.
You see here a leather armour.
Found 16 arrows.
A hobgoblin comes into view.
A bat comes into view.
The hobgoblin shouts!
You hear a bark! x2 4 jackals come into view.
The bat closely misses you.
Casting: Freeze (safe; 6% risk of failure)
Confirm with . or Enter, or press ? or * to list all spells.
Aiming: Freeze (safe; 6% risk of failure)
Press: ? - help, Shift-Dir - straight line, f - bat
Aim: a bat You freeze the bat.
You kill the bat!
The jackal barks!
Found 29 gold pieces.
Unknown command.
Found a smoky emerald potion.
The jackal barks!
Found 6 steel javelins.
Found a scroll labeled REAREOFANO.
Unknown command.
A hobgoblin comes into view.
The hobgoblin shouts!
Found a fizzy dark potion.
Found 3 gold pieces.
You see here 6 steel javelins.
Unknown command.
Jessica shouts!
Found a hunting sling.
Unknown command.
Unknown command.
The hobgoblin hits you.
* * * LOW HITPOINT WARNING * * *
Huge Dmg: -11%(-3hp) hp: 22%(6hp)
You aren't carrying any items that you can evoke.
Unknown command.
It was a potion of degeneration.
There was something very wrong with that liquid.
You feel weakened.
You feel dopey.
You feel clumsy.
The jackal bites you but does no damage.
The hobgoblin closely misses you.
It was a potion of berserk rage.
A red film seems to cover your vision as you go berserk!
You feel yourself moving faster!
You feel mighty! The jackal closely misses you. The jackal bites you.
* * * LOW HITPOINT WARNING * * *
The hobgoblin hits you.
* * * LOW HITPOINT WARNING * * *
You closely miss the hobgoblin.
You kill the hobgoblin!
The jackal bites you.
* * * LOW HITPOINT WARNING * * *
Huge Dmg: -5%(-2hp) hp: 12%(5hp)
You barely miss Jessica.
Unknown command.
Jessica casts a spell at you. Pain shoots through your body!
* * * LOW HITPOINT WARNING * * *
Huge Dmg: -9%(-4hp) hp: 3%(1hp)
You closely miss Jessica. Your kick misses Jessica. The jackal bites you.
You die...

.....#.#...
..........# ..
.......>...###.#####
.........#.........##
...>.....#..........##
###.........!......$.#
....#..##............#
...#...##...........)#
##...#.###.....@@...#
........###...hgh..##
g####.#.# ####..####
.# #...## ##h# .#
#...# #..## .# #...##
#...## .# #$...#
##.#..### ##
#$.#!###..##...#
#..#..#........#


You could see Jessica, 3 jackals and a hobgoblin.

Vanquished Creatures
  A gnoll (D:2)
  An ooze (D:1)
  A giant cockroach (D:1)
  3 goblins (D:1)
  2 hobgoblins
  2 jackals (D:1)
  2 kobolds (D:1)
  3 bats
  4 rats (D:1)
19 creatures vanquished.

Notes
Turn   | Place    | Note
-------+----------+-------------------------------------------
     0 | D:1      | dstrtnsr the Centaur Ice Elementalist began the quest for the Orb.
     0 | D:1      | Reached XP level 1. HP: 14/14 MP: 3/3
   133 | D:1      | Reached XP level 2. HP: 11/22 MP: 0/4
   207 | D:1      | Reached skill level 1 in Fighting
   207 | D:1      | Reached skill level 3 in Ice Magic
   238 | D:1      | HP: 7/23 [goblin (3)]
   342 | D:2      | HP: 7/23 [gnoll/enchanted whip (3)]
   365 | D:1      | HP: 3/23 [gnoll/enchanted whip (6)]
   468 | D:2      | HP: 1/23 [gnoll (7)]
   469 | D:2      | Noticed Jessica
   495 | D:2      | Reached XP level 3. HP: 3/28 MP: 0/6
   520 | D:2      | Noticed Terence
   585 | D:2      | HP: 6/28 [hobgoblin (3)]
   590 | D:2      | HP: 1/42 [Jessica/nerve-wracking pain (4)]
   591 | D:2      | Slain by a jackal

Vault maps used:
D:1:      dpeg_arrival_orchard
D:2:      serial_bayou_pond_a, uniq_terence, uniq_jessica

Skill      XL: |  1  2 |
---------------+-------+-----
Fighting       | 1 |  1.4
Ice Magic      | 3 |  3.1
Spellcasting   | 2 |  2.0
Dodging        | |  1.3
Stealth        | |  1.1
Conjurations   | |  0.8

Action                   || total
-------------------------++-------
Melee: Unarmed           ||    32
       Kick              ||     7
       Dagger            ||     7
Throw: Stone             ||     3
 Cast: Freeze            ||    20
  Use: Scroll            ||     1
       Potion            ||     2
Armor: Robe              ||    22
Dodge: Dodged            ||    26

Table legend:
 A = Spawn XP
 B = Non-spawn XP
 C = Spawn XP percentage of total XP
 D = Spawn monster count
 E = Non-spawn monster count
 F = Spawn count percentage of total count
 G = Total turns spent on level
                    A         B        C        D         E        F      G
               +---------+---------+-------+---------+---------+-------+---------
         Total |       0 |      48 |   0.0 |       0 |      19 |   0.0 |   591
               +---------+---------+-------+---------+---------+-------+---------
           D:1 |       0 |      30 |   0.0 |       0 |      16 |   0.0 |   429
           D:2 |       0 |      18 |   0.0 |       0 |       3 |   0.0 |   162
               +---------+---------+-------+---------+---------+-------+---------
